General information
- name: BNet
- type: Ladder team game (AT/RT)
- host: Battle.net
- saver: BEAR_AND
map: SunrockCove
- players: 6
- length: 35:20
- speed: Fast
- version: 1.26 W3XP
- replay type:

» download(272 KB)
Players
team 1 (loser)
e.x.o.d.u.s (
blue | 65 APM | 2280 actions | 35:20)
4 Warden
2 Shadow Strike
2 Blink
3 Keeper of the Grove
2 Entangling Roots
1 Thorns Aura
1 Beastmaster
1 Summon Hawk
» actions
| Assign group hotkey | 53 | |
| Basic commands | 46 | |
| Build / train | 82 | |
| ESC pressed | 1 | |
| Enter build submenu | 38 | |
| Enter hero's abilities submenu | 8 | |
| Give item / drop item | 4 | |
| Right click | 1170 | |
| Select / deselect | 427 | |
| Select group hotkey | 346 | |
| Use ability | 105 | |
2280 total
» units
| Wisp | 36 | |
| Huntress | 5 | |
| Dryad | 4 | |
| Chimaera | 7 | |
| Druid of the Talon | 1 | |
53 total
» upgrades
| Strength of the Wild | 2 | |
| Abolish Magic | 1 | |
| Moon Armor | 1 | |
| Reinforced Hides | 1 | |
| Corrosive Breath | 1 | |
| Nature's Blessing | 1 | |
7 total
» buildings
| Altar of Elders | 1 | |
| Moon Well | 9 | |
| Hunter's Hall | 1 | |
| Ancient of War | 1 | |
| Ancient of Wonders | 1 | |
| Tree of Ages | 1 | |
| Ancient of Lore | 2 | |
| Tree of Life | 1 | |
| Ancient Protector | 8 | |
| Tree of Eternity | 1 | |
| Ancient of Wind | 1 | |
| Chimaera Roost | 3 | |
30 total
» build order
00:02 Altar of Elders
00:09 Moon Well
01:18 Hunter's Hall
01:55 Ancient of War
02:17 Moon Well
04:01 Ancient of Wonders
04:21 Tree of Ages
04:25 Moon Well
05:58 Moon Well
06:04 Moon Well
06:08 Moon Well
07:01 Ancient of Lore
07:20 Ancient of Lore
08:13 Tree of Life
09:59 Moon Well
10:23 Ancient Protector
10:37 Ancient Protector
11:21 Tree of Eternity
11:36 Ancient Protector
13:32 Ancient of Wind
14:37 Chimaera Roost
14:39 Chimaera Roost
15:33 Chimaera Roost
18:22 Moon Well
18:25 Moon Well
23:10 Ancient Protector
23:12 Ancient Protector
34:01 Ancient Protector
34:04 Ancient Protector
34:06 Ancient Protector
» items
| Scroll of Protection | 1 | |
| Scroll of Town Portal | 3 | |
| Scroll of Healing | 1 | |
| Staff of Teleportation | 1 | |
| Orb of Venom | 2 | |
8 total

»
lihr- (
yellow | 63 APM | 1905 actions | 30:20)
4 Blademaster
2 Wind Walk
2 Critical Strike
4 Shadow Hunter
2 Hex
2 Healing Wave
» actions
| Assign group hotkey | 150 | |
| Basic commands | 19 | |
| Build / train | 85 | |
| Enter build submenu | 23 | |
| Enter hero's abilities submenu | 8 | |
| Give item / drop item | 3 | |
| Remove unit from queue | 2 | |
| Right click | 839 | |
| Select / deselect | 345 | |
| Select group hotkey | 318 | |
| Use ability | 113 | |
1905 total
» units
| Peon | 15 | |
| Grunt | 6 | |
| Demolisher | 12 | |
| Troll Witch Doctor | 8 | |
| Spirit Walker | 3 | |
| Goblin Sapper | 1 | |
| Tauren | 7 | |
| Goblin Zeppelin | 1 | |
| Goblin Shredder | 1 | |
54 total
» upgrades
| Berserker Strength | 1 | |
| Witch Doctor Training | 2 | |
| Burning Oil | 1 | |
| Pulverize | 1 | |
| Ranged Weapons | 1 | |
| Reinforced Defenses | 1 | |
7 total
» buildings
| Altar of Storms | 1 | |
| Barracks | 2 | |
| Orc Burrow | 7 | |
| Voodoo Lounge | 1 | |
| War Mill | 1 | |
| Stronghold | 1 | |
| Fortress | 1 | |
| Spirit Lodge | 1 | |
| Great Hall | 2 | |
| Watch Tower | 1 | |
| Tauren Totem | 2 | |
20 total
» build order
00:13 Altar of Storms
00:21 Barracks
00:50 Orc Burrow
01:05 Voodoo Lounge
02:00 Orc Burrow
02:40 War Mill
03:52 Orc Burrow
04:29 Stronghold
07:05 Fortress
07:09 Spirit Lodge
08:40 Orc Burrow
08:42 Orc Burrow
09:02 Great Hall
11:03 Watch Tower
13:12 Tauren Totem
14:17 Orc Burrow
14:17 Orc Burrow
19:50 Barracks
19:53 Tauren Totem
25:38 Great Hall
» items
| Healing Salve | 3 | |
| Lesser Clarity Potion | 3 | |
| Orb of Lightning | 1 | |
| Potion of Healing | 1 | |
| Potion of Mana | 1 | |
9 total
Stelio_Kontos (
orange | 89 APM | 3122 actions | 35:11)
4 Death Knight
2 Death Coil
1 Death Pact
1 Unholy Aura
2 Lich
1 Frost Nova
1 Frost Armor
» actions
| Assign group hotkey | 56 | |
| Basic commands | 494 | |
| Build / train | 75 | |
| ESC pressed | 4 | |
| Enter build submenu | 19 | |
| Enter hero's abilities submenu | 6 | |
| Give item / drop item | 3 | |
| Right click | 914 | |
| Select / deselect | 468 | |
| Select group hotkey | 970 | |
| Use ability | 112 | |
3122 total
» units
| Acolyte | 8 | |
| Ghoul | 7 | |
| Crypt Fiend | 14 | |
| Obsidian Statue | 6 | |
| Frost Wyrm | 13 | |
48 total
» upgrades
| Creature Attack | 1 | |
| Creature Carapace | 1 | |
| Web | 1 | |
3 total
» buildings
| Graveyard | 1 | |
| Crypt | 1 | |
| Ziggurat | 10 | |
| Altar of Darkness | 1 | |
| Tomb of Relics | 1 | |
| Nerubian Tower | 1 | |
| Halls of the Dead | 1 | |
| Spirit Tower | 2 | |
| Slaughterhouse | 1 | |
| Black Citadel | 4 | |
| Sacrificial Pit | 1 | |
| Boneyard | 2 | |
26 total
» build order
00:06 Graveyard
00:11 Crypt
00:39 Ziggurat
00:57 Altar of Darkness
01:49 Tomb of Relics
01:54 Ziggurat
02:18 Nerubian Tower
04:04 Halls of the Dead
04:48 Ziggurat
06:05 Spirit Tower
07:16 Slaughterhouse
07:21 Ziggurat
08:34 Black Citadel
08:34 Black Citadel
08:35 Black Citadel
09:01 Spirit Tower
09:51 Ziggurat
10:43 Sacrificial Pit
11:44 Boneyard
11:46 Boneyard
13:59 Ziggurat
13:59 Ziggurat
14:00 Ziggurat
14:00 Ziggurat
22:29 Ziggurat
» items
| Rod of Necromancy | 2 | |
| Dust of Appearance | 2 | |
| Scroll of Town Portal | 1 | |
5 total
team 2 (winner)
BEAR_AND (
teal | 124 APM | 4379 actions | 35:20)
7 Blademaster
3 Wind Walk
3 Critical Strike
1 Bladestorm
» actions
| Assign group hotkey | 18 | |
| Basic commands | 9 | |
| Build / train | 78 | |
| Enter build submenu | 76 | |
| Enter hero's abilities submenu | 7 | |
| Give item / drop item | 14 | |
| Remove unit from queue | 1 | |
| Right click | 2924 | |
| Select / deselect | 345 | |
| Select group hotkey | 700 | |
| Use ability | 207 | |
4379 total
» units
| Peon | 16 | |
| Troll Batrider | 22 | |
| Goblin Zeppelin | 1 | |
39 total
» upgrades
| Liquid Fire | 1 | |
| Ranged Weapons | 3 | |
| Armor | 2 | |
| Reinforced Defenses | 1 | |
| Troll Regeneration | 1 | |
8 total
» buildings
| Altar of Storms | 1 | |
| Orc Burrow | 3 | |
| War Mill | 1 | |
| Voodoo Lounge | 3 | |
| Watch Tower | 68 | |
| Stronghold | 3 | |
| Great Hall | 4 | |
| Beastiary | 2 | |
| Fortress | 1 | |
| Barracks | 1 | |
87 total
» build order
00:08 Altar of Storms
00:19 Orc Burrow
00:34 War Mill
01:19 Voodoo Lounge
01:51 Watch Tower
02:10 Watch Tower
03:08 Watch Tower
03:09 Stronghold
03:18 Watch Tower
04:23 Watch Tower
04:26 Watch Tower
04:49 Voodoo Lounge
05:09 Orc Burrow
06:07 Watch Tower
06:08 Watch Tower
06:47 Voodoo Lounge
06:55 Great Hall
06:59 Watch Tower
07:04 Beastiary
07:26 Beastiary
07:32 Watch Tower
07:45 Watch Tower
07:46 Watch Tower
08:20 Watch Tower
08:43 Watch Tower
09:36 Watch Tower
09:46 Watch Tower
09:48 Watch Tower
09:49 Fortress
10:24 Watch Tower
10:46 Watch Tower
10:58 Watch Tower
10:59 Watch Tower
11:16 Watch Tower
12:03 Watch Tower
12:04 Watch Tower
12:05 Watch Tower
12:24 Watch Tower
12:25 Watch Tower
12:26 Watch Tower
12:45 Watch Tower
12:49 Watch Tower
12:50 Watch Tower
13:45 Watch Tower
13:46 Watch Tower
13:50 Orc Burrow
14:57 Watch Tower
14:59 Watch Tower
15:00 Watch Tower
15:00 Watch Tower
15:42 Watch Tower
15:43 Watch Tower
16:06 Watch Tower
16:07 Watch Tower
16:11 Watch Tower
16:12 Watch Tower
16:12 Watch Tower
16:24 Watch Tower
16:25 Watch Tower
16:26 Watch Tower
19:57 Watch Tower
19:58 Watch Tower
20:44 Watch Tower
20:45 Watch Tower
23:38 Barracks
25:38 Watch Tower
25:39 Watch Tower
28:03 Watch Tower
28:04 Watch Tower
28:05 Watch Tower
28:06 Watch Tower
28:06 Watch Tower
28:44 Watch Tower
28:44 Watch Tower
28:45 Watch Tower
28:46 Watch Tower
28:46 Watch Tower
28:47 Watch Tower
30:45 Great Hall
31:09 Great Hall
32:49 Great Hall
34:41 Watch Tower
34:43 Watch Tower
34:45 Watch Tower
34:51 Watch Tower
» items
| Boots of Speed | 1 | |
| Staff of Teleportation | 1 | |
| Healing Salve | 5 | |
| Lesser Clarity Potion | 8 | |
| Orb of Lightning | 1 | |
| Potion of Healing | 1 | |
17 total
GoToMurica (
red | 100 APM | 3533 actions | 35:20)
5 Archmage
3 Blizzard
2 Brilliance Aura
5 Mountain King
3 Storm Bolt
2 Bash
1 Paladin
1 Holy Light
» actions
| Assign group hotkey | 142 | |
| Basic commands | 31 | |
| Build / train | 173 | |
| ESC pressed | 7 | |
| Enter build submenu | 106 | |
| Enter hero's abilities submenu | 11 | |
| Give item / drop item | 11 | |
| Remove unit from queue | 2 | |
| Right click | 1671 | |
| Select / deselect | 833 | |
| Select group hotkey | 319 | |
| Use ability | 225 | |
3533 total
» units
| Peasant | 23 | |
| Priest | 1 | |
| Goblin Zeppelin | 1 | |
| Dragonhawk Rider | 5 | |
30 total
» upgrades
| Masonry | 3 | |
| Lumber Harvesting | 2 | |
| Magic Sentry | 1 | |
| Priest Training | 2 | |
| Cloud | 1 | |
| Gunpowder | 0 | |
| Armor | 2 | |
| Swords | 3 | |
| Animal War Training | 1 | |
| Storm Hammers | 1 | |
16 total
» buildings
| Altar of Kings | 1 | |
| Farm | 12 | |
| Lumber Mill | 1 | |
| Scout Tower | 92 | |
| Guard Tower | 67 | |
| Arcane Tower | 8 | |
| Keep | 2 | |
| Arcane Vault | 1 | |
| Castle | 2 | |
| Town Hall | 3 | |
| Arcane Sanctum | 1 | |
| Gryphon Aviary | 2 | |
| Blacksmith | 1 | |
| Barracks | 1 | |
194 total
» build order
00:02 Altar of Kings
00:12 Farm
00:36 Lumber Mill
00:54 Scout Tower
01:32 Scout Tower
01:33 Scout Tower
01:37 Guard Tower
01:37 Guard Tower
01:41 Scout Tower
01:43 Scout Tower
02:00 Scout Tower
02:00 Guard Tower
02:01 Guard Tower
02:01 Guard Tower
02:13 Farm
02:20 Guard Tower
02:24 Scout Tower
02:38 Guard Tower
02:38 Guard Tower
02:39 Guard Tower
02:40 Guard Tower
02:40 Guard Tower
02:40 Guard Tower
02:50 Scout Tower
02:52 Scout Tower
03:04 Scout Tower
03:28 Scout Tower
03:41 Guard Tower
03:42 Arcane Tower
03:44 Scout Tower
03:48 Scout Tower
03:58 Scout Tower
03:59 Scout Tower
04:00 Guard Tower
04:00 Guard Tower
04:01 Guard Tower
04:03 Scout Tower
04:08 Guard Tower
04:08 Guard Tower
04:18 Guard Tower
04:18 Guard Tower
04:18 Guard Tower
04:22 Arcane Tower
04:22 Arcane Tower
04:23 Arcane Tower
04:33 Guard Tower
04:34 Guard Tower
04:34 Guard Tower
04:36 Scout Tower
04:40 Scout Tower
05:35 Keep
05:37 Farm
05:49 Scout Tower
05:50 Scout Tower
05:53 Guard Tower
05:57 Scout Tower
05:59 Scout Tower
06:08 Scout Tower
06:09 Scout Tower
06:11 Scout Tower
06:11 Scout Tower
06:23 Arcane Vault
06:28 Guard Tower
06:28 Guard Tower
06:29 Scout Tower
06:30 Scout Tower
06:44 Guard Tower
06:45 Guard Tower
06:45 Guard Tower
06:58 Guard Tower
07:16 Scout Tower
07:17 Scout Tower
07:18 Scout Tower
07:19 Scout Tower
07:20 Scout Tower
07:28 Scout Tower
07:30 Scout Tower
07:33 Scout Tower
07:34 Guard Tower
07:34 Guard Tower
08:02 Farm
08:13 Guard Tower
08:13 Guard Tower
08:17 Scout Tower
08:18 Scout Tower
08:19 Scout Tower
08:20 Scout Tower
08:20 Scout Tower
08:21 Scout Tower
08:22 Scout Tower
08:23 Scout Tower
09:08 Guard Tower
09:45 Castle
09:45 Castle
09:52 Guard Tower
09:52 Guard Tower
10:10 Town Hall
10:13 Scout Tower
10:13 Scout Tower
10:15 Scout Tower
10:17 Scout Tower
10:19 Scout Tower
10:19 Scout Tower
10:20 Scout Tower
10:21 Scout Tower
10:22 Scout Tower
11:27 Guard Tower
11:46 Arcane Sanctum
12:05 Guard Tower
12:05 Guard Tower
15:35 Scout Tower
15:39 Scout Tower
15:40 Scout Tower
15:40 Scout Tower
15:45 Scout Tower
15:45 Scout Tower
15:46 Scout Tower
16:25 Guard Tower
16:32 Scout Tower
16:32 Scout Tower
16:33 Scout Tower
16:34 Scout Tower
16:35 Scout Tower
16:36 Scout Tower
16:38 Guard Tower
16:38 Guard Tower
17:50 Guard Tower
18:37 Guard Tower
20:35 Town Hall
20:36 Scout Tower
20:36 Scout Tower
20:56 Town Hall
21:22 Scout Tower
21:23 Scout Tower
21:23 Scout Tower
21:29 Scout Tower
21:51 Guard Tower
21:56 Scout Tower
21:58 Scout Tower
21:59 Scout Tower
22:00 Scout Tower
22:00 Scout Tower
22:04 Scout Tower
22:04 Scout Tower
22:19 Arcane Tower
22:21 Gryphon Aviary
22:21 Gryphon Aviary
22:26 Blacksmith
22:28 Barracks
22:37 Guard Tower
22:37 Guard Tower
22:41 Scout Tower
22:42 Scout Tower
22:43 Scout Tower
22:44 Scout Tower
22:44 Scout Tower
22:45 Scout Tower
22:46 Scout Tower
22:47 Scout Tower
22:48 Scout Tower
23:25 Guard Tower
23:26 Guard Tower
23:26 Guard Tower
23:26 Guard Tower
23:50 Farm
23:50 Farm
25:00 Guard Tower
25:00 Guard Tower
25:00 Guard Tower
28:21 Scout Tower
28:22 Scout Tower
28:23 Scout Tower
28:23 Scout Tower
31:00 Farm
31:01 Farm
31:02 Farm
31:03 Farm
31:06 Farm
31:11 Farm
» items
| Boots of Speed | 3 | |
| Staff of Teleportation | 3 | |
| Scroll of Regeneration | 1 | |
| Staff of Preservation | 1 | |
| Staff of Sanctuary | 3 | |
| Orb of Lightning | 2 | |
| Lesser Clarity Potion | 3 | |
16 total
timg4strok (
green | 97 APM | 3412 actions | 35:20)
7 Warden
3 Shadow Strike
3 Blink
1 Spirit of Vengeance
4 Priestess of the Moon
2 Scout
2 Trueshot Aura
» actions
| Assign group hotkey | 11 | |
| Basic commands | 49 | |
| Build / train | 98 | |
| ESC pressed | 12 | |
| Enter build submenu | 19 | |
| Enter hero's abilities submenu | 12 | |
| Give item / drop item | 4 | |
| Right click | 2037 | |
| Select / deselect | 268 | |
| Select group hotkey | 675 | |
| Use ability | 227 | |
3412 total
» units
» upgrades
| Ultravision | 1 | |
| Well Spring | 1 | |
| Strength of the Wild | 3 | |
| Reinforced Hides | 3 | |
| Corrosive Breath | 1 | |
| Nature's Blessing | 1 | |
| Druid of the Talon Training | 2 | |
| Mark of the Talon | 1 | |
13 total
» buildings
| Altar of Elders | 1 | |
| Moon Well | 8 | |
| Tree of Ages | 1 | |
| Hunter's Hall | 1 | |
| Ancient of Wonders | 1 | |
| Tree of Eternity | 4 | |
| Tree of Life | 3 | |
| Ancient of Wind | 1 | |
| Chimaera Roost | 2 | |
22 total
» build order
00:11 Altar of Elders
00:18 Moon Well
01:32 Moon Well
04:01 Moon Well
05:04 Tree of Ages
05:08 Hunter's Hall
07:09 Ancient of Wonders
07:25 Tree of Eternity
07:25 Tree of Eternity
07:33 Tree of Life
10:02 Ancient of Wind
12:25 Chimaera Roost
12:26 Chimaera Roost
12:33 Moon Well
12:38 Moon Well
12:41 Moon Well
12:48 Moon Well
16:42 Tree of Life
20:08 Moon Well
23:04 Tree of Life
» items
| Healing Salve | 2 | |
| Lesser Clarity Potion | 4 | |
| Staff of Teleportation | 2 | |
| Boots of Speed | 2 | |
| Orb of Venom | 1 | |
| Potion of Healing | 2 | |
| Orb of Lightning | 1 | |
| Staff of Preservation | 1 | |
| Staff of Sanctuary | 1 | |
16 total
Chat log
(10:46 / All) timg4strok: my pizza pls
(10:48 / All) e.x.o.d.u.s: ok we are starting
(10:48 / All) timg4strok: no
(10:49 / All) timg4strok: poks
(10:53 / All) GoToMurica: wait Jefferey... you oredered the pizza and paid online
(10:53 / All) GoToMurica: Automatic Teller Machine Machine
(10:54 / All) BEAR_AND: Picza man doesnt know
(11:04 / All) timg4strok: would u beliefe it. that wasnt even the pizza guy
(11:07 / All) e.x.o.d.u.s: we were fair
(13:19 / All) e.x.o.d.u.s: lol
(17:05 / All) BEAR_AND: anoobris
(17:30 / All) BEAR_AND: Maxx Rocpain
(18:27 / All) BEAR_AND: lmao!
(18:30 / All) timg4strok: hold on
(18:32 / All) timg4strok: my pizza rly here
(20:19 / All) BEAR_AND: gg
(20:23 / All) BEAR_AND: clan towa #1
(30:15 / All) GoToMurica: is in distress
(30:16 / All) timg4strok: uit was mix up he go to 151-744 22rd instead of 22ave
(30:20 / All) GoToMurica: 22.......... acacia avenue
(30:31 / All) Stelio_Kontos: k gl killing all building
(30:34 / All) Stelio_Kontos: goin out
(30:37 / All) timg4strok: bye
(30:37 / All) BEAR_AND: lol
(30:40 / All) GoToMurica: ??
(30:43 / All) GoToMurica: pley the game please
(32:56 / All) GoToMurica: good use of Chimbo you fucken Bimbo
(33:11 / All) timg4strok: cya
(33:14 / All) timg4strok: nice gmae
(33:17 / All) BEAR_AND: since we're talking about elf heavy air let me just Chime In
(33:23 / All) BEAR_AND: Be care!
(34:24 / All) BEAR_AND: lol
(34:28 / All) timg4strok: cya
(35:19 / All) GoToMurica: Peace noob lards. that's a noob who is fat